 Dungeon Crawl Stone Soup version 0.21-a0-201-g8501b10 (webtiles) character file.

51 tehllama the Insei (level 3, 0/34 HPs)
             Began as an Octopode Transmuter on Aug 17, 2017.
             Succumbed to an adder's poison
             ... on level 2 of the Dungeon.
             The game lasted 00:02:45 (1150 turns).

tehllama the Insei (Octopode Transmuter)            Turns: 1150, Time: 00:02:45

Health: 0/34       AC: 21    Str:  9 (10) XL:     3   Next: 83%
Magic:  5/6        EV:  2    Int: 12 (15) God:
Gold:   39         SH:  0    Dex: 10 (12) Spells: 5/6 levels left

rFire    . . .     SeeInvis .     - Unarmed
rCold    . . .     Gourm    .   (no shield)
rNeg     + + +     Faith    .   (helmet currently unavailable)
rPois    +         Spirit   .   (no amulet)
rElec    .         Reflect  .   (no ring)
rCorr    .         Harm     .   (no ring)
MR       .....     NoTele   +   (no ring)
Stlth    ++........             (no ring)
HPRegen  0.11/turn              (no ring)
MPRegen  0.10/turn              (no ring)
                                (no ring)
                                (no ring)

@: lethally poisoned (0 -> -6), tree-form
A: almost no armour, stealthy swim, (amphibious), 8 rings, (constrict 8)
a: no special abilities


You were on level 2 of the Dungeon.
You were not hungry.
You were a tree.
You visited 1 branch of the dungeon, and saw 2 of its levels.

You collected 39 gold pieces.

Inventory:

Missiles
 a - 61 arrows
Scrolls
 d - a scroll of fog {unknown}
 e - a scroll of identify {unknown}
 f - a scroll of magic mapping {unknown}
 g - a scroll of remove curse {unknown}
 l - a scroll of enchant armour {unknown}
Potions
 i - a potion of curing {unknown}
 j - 2 potions of degeneration
 m - a potion of heal wounds {unknown}
Books
 b - a book of Changes

   Spells                             Type                      Level
   a - Beastly Appendage              Transmutation                1
   b - Sticks to Snakes               Transmutation                2
   c - Spider Form                    Transmutation/Poison         3
   d - Ice Form                       Ice/Transmutation            4
   e - Blade Hands                    Transmutation                5
Comestibles
 c - 2 bread rations
 k - 2 chunks of flesh


   Skills:
 - Level 1.0 Fighting
 - Level 2.0 Dodging
 + Level 1.9 Stealth
 + Level 4.3 Unarmed Combat
 - Level 2.0 Spellcasting
 - Level 2.0 Transmutations


You had 5 spell levels left.
You knew the following spells:

 Your Spells              Type           Power        Failure   Level  Hunger
a - Beastly Appendage     Tmut           #.....       12%         1    ##.....


Dungeon Overview and Level Annotations

Branches:
Dungeon (2/15)

Altars:


Innate Abilities, Weirdness & Mutations

You cannot wear most types of armour.
You are very stealthy in the water. (Stealth+)
((You are amphibious.))
You can wear up to eight rings at the same time.
((You can use your tentacles to constrict eight enemies at once.))
((Your skin changes colour to match your surroundings (Stealth+).))
((Your rubbery body absorbs attacks. (AC +1, EV +1)))


Message History

You barely miss the adder. Your grab misses the adder.
Your squeeze misses the adder.
The adder is moderately wounded.
The adder closely misses you.
* * * LOW HITPOINT WARNING * * *
You feel sick. The adder closely misses you. The adder closely misses you.
There is an open door here.
* * * LOW HITPOINT WARNING * * *
You feel sick. The adder bites you.
* * * LOW HITPOINT WARNING * * *
It was a potion of degeneration.
There was something very wrong with that liquid.
You feel weakened.
You feel dopey.
You feel clumsy. The adder bites you.
* * * LOW HITPOINT WARNING * * *
It was a potion of lignification.
Your tentacle spike disappears.
You turn into a tree.
Your roots penetrate the ground.
You die...

#.# #.# #.# #.# #.#
#.# #.# #.# ##########
#.### #.# .........#
#..<# #†# ....!....#
##### #.#
.........###########.#
........SS♣..........#
#.....?..#############
#........# #.....)..#
##+#######


You could see 2 adders.

Vanquished Creatures
  An adder (D:2)
  A dart slug (D:1)
  2 leopard geckos (D:1)
  A ball python (D:1)
  5 bats (D:1)
  A giant cockroach (D:1)
  6 goblins (D:1)
  3 hobgoblins
  5 jackals (D:1)
  A frilled lizard (D:1)
  3 kobolds (D:1)
  5 rats (D:1)
34 creatures vanquished.

Notes
Turn   | Place    | Note
-------+----------+-------------------------------------------
     0 | D:1      | tehllama the Octopode Transmuter began the quest for the Orb.
     0 | D:1      | Reached XP level 1. HP: 13/13 MP: 3/3
   211 | D:1      | Reached XP level 2. HP: 17/18 MP: 5/5
   605 | D:1      | Reached skill level 4 in Unarmed Combat
   658 | D:1      | Reached XP level 3. HP: 23/23 MP: 6/6
   783 | D:1      | Reached skill level 1 in Stealth
  1149 | D:2      | HP: 1/23 [adder (1)]
  1150 | D:2      | Succumbed to an adder's poison

Vault maps used:
D:1:      dpeg_arrival_subterranean_lakeside_camping
D:2:      xom_teletrap_fun, uniq_sigmund

Skill      XL: |  1  2  3 |
---------------+----------+-----
Unarmed Combat | 4 |  4.3
Stealth        | 1 |  1.9
Fighting       | |  1.0
Dodging        | |  2.0
Spellcasting   | |  2.0
Transmutations | |  2.0

Action                   || total
-------------------------++-------
Melee: Unarmed           ||    74
       Constrict         ||    19
       Tentacles         ||    10
       Kick              ||     5
 Cast: Beastly Appendage ||    12
  Use: Potion            ||     2
 Stab: Sleeping          ||     7
  Eat: Chunk             ||     1
Armor: Skin              ||     8
Dodge: Dodged            ||    48
